 Dungeon Crawl Stone Soup version 0.18-a0-1626-g65af6d3 (webtiles) character file.

21 Aether the Sneak (level 2, -4/19 HPs)
             Began as an Octopode Assassin on Mar 25, 2016.
             Slain by Terence
             ... wielding a +0 falchion
              (8 damage)
             ... on level 1 of the Dungeon.
             The game lasted 00:04:01 (988 turns).

Aether the Sneak (Octopode Assassin)                 Turns: 988, Time: 00:04:01

Health: -4/19      AC:  1    Str: 10    XL:     2   Next: 83%
Magic:  2/2        EV: 12    Int: 13    God:
Gold:   58         SH:  0    Dex: 13    Spells: 0 memorised, 1 level left

rFire  . . .     SeeInvis .     a - +2 dagger
rCold  . . .     Gourm    .     (no shield)
rNeg   . . .     Faith    .     (helmet restricted)
rPois  .         Spirit   .     (no amulet)
rElec  .         Dismiss  .     (no ring)
rCorr  .         Reflect  .     (no ring)
SustAt .         Harm     .     (no ring)
MR     .....                    (no ring)
Stlth  +++++.....               (no ring)
                                (no ring)
                                (no ring)
                                (no ring)

@: not resistant to hostile enchantments, quite stealthy
A: almost no armour, amphibious, 8 rings, constrict 8, camouflage 1, gelatinous
body 1
a: no special abilities


You were on level 1 of the Dungeon.
You were not hungry.

You visited 1 branch of the dungeon, and saw 2 of its levels.

You collected 58 gold pieces.

Inventory:

Hand Weapons
 a - a +2 dagger (weapon)
 b - a +0 blowgun
Missiles
 c - 8 poisoned needles
 d - 2 curare-tipped needles
 p - 2 javelins (quivered)
Jewellery
 g - a +3 ring of strength {unknown}
Scrolls
 i - 4 scrolls of identify {unknown}
 k - 2 scrolls of remove curse {unknown}
 n - a scroll of fear {unknown}
 o - a scroll of teleportation {unknown}
Potions
 e - a potion of haste {unknown}
 l - a potion of heal wounds {unknown}
 m - 2 potions of curing {unknown}
Comestibles
 f - a bread ration
 j - a meat ration


   Skills:
 + Level 2.0 Fighting
 + Level 2.0 Short Blades
 + Level 2.1 Throwing
 + Level 1.1 Dodging
 + Level 6.3 Stealth


You had one spell level left.
You didn't know any spells.

Dungeon Overview and Level Annotations

Branches:
Dungeon (2/15)

Altars:

Annotations:
D:1 Terence
D:2 Ijyb


Innate Abilities, Weirdness & Mutations

You cannot wear most types of armour.
You are amphibious.
You can wear up to eight rings at the same time.
You can use your tentacles to constrict eight enemies at once.
Your skin changes colour to match your surroundings (Stealth).
Your rubbery body absorbs attacks (AC +1).


Message History

You climb upwards.
There is a stone staircase leading down here.
You hit Terence but do no damage. You grab Terence.
You constrict Terence, but do no damage.
Terence hits you with a falchion.
You hit Terence but do no damage.
You constrict Terence, but do no damage.
Terence hits you with a falchion.
* * * LOW HITPOINT WARNING * * *
You completely miss Terence. Your squeeze misses Terence.
You constrict Terence, but do no damage.
Terence hits you but does no damage.
You hit Terence.
Terence is lightly wounded.
You constrict Terence, but do no damage.
Sorry, you're not good enough to have a special ability.
You hit Terence but do no damage.
Terence is lightly wounded.
You constrict Terence. Terence hits you with a falchion!
You die...

#.#.##.....##.......# #.#
##.#.........).#....## #.#
#..####.....#####.#.# #.#
#.## #.....#####>#.## #.#
#.# ###............####)#
#.# #.#######.........#
#.# ##.## ###).#######
#.######..@## #..# #....
#..........@#######..#
#.###
########.............###.#
##.#######........# #.#
#.#####..### #.# #.#
#..... #.# #.# #...##
#.#######.# #.....
#†........#####.#.##
#########.......#[#


You could see Terence.

Vanquished Creatures
  6 bats (D:1)
  A giant cockroach (D:1)
  2 hobgoblins (D:1)
  2 giant newts (D:1)
  3 goblins (D:1)
  5 kobolds (D:1)
  3 rats (D:1)
22 creatures vanquished.

Notes
Turn   | Place    | Note
--------------------------------------------------------------
     0 | D:1      | Aether the Octopode Assassin began the quest for the Orb.
     0 | D:1      | Reached XP level 1. HP: 14/14 MP: 1/1
   121 | D:1      | Reached XP level 2. HP: 10/19 MP: 2/2
   303 | D:1      | Reached skill level 6 in Stealth
   977 | D:2      | Noticed Ijyb
   977 | D:2      | Noticed Terence
   988 | D:1      | Slain by Terence

Vault maps used:
D:1:      lightli_molten_gateway
D:2:      okawaru_gym_becter, uniq_iyjb, uniq_terence, uniq_natasha

Skill      XL: |  1  2 |
---------------+-------+-----
Stealth        | 6 |  6.3
Fighting       | |  2.0
Short Blades   | |  2.0
Throwing       | |  2.1
Dodging        | |  1.1

Action                   || total
-------------------------++-------
Melee: Dagger            ||    44
 Stab: Distracted        ||     2
       Sleeping          ||     9
